Map: Oceanborn LE

Players

NAVISpirit (souL)

  • Race: Terran Terran
  • League: Grandmaster
  • Spawn Location: 5:00

MaxPax - Winner!

  • Race: Protoss Protoss
  • League: Master
  • Spawn Location: 11:00

VOD

Have the link to the VOD?

Description

Time

  • Played on: July 30, 2024, 10:30 a.m.
  • Length: 7:17
Show
View Real Time Build Order
Export as new Build Order

NAVISpirit Terran 

Build Orders: Cyclone Opening 

Get SALT Encoding   

  12  0:00  SCV  
  13  0:12  SCV  
  14  0:16  Supply Depot  
  14  0:24  SCV  
  15  0:38  SCV  
  15  0:39  Barracks  
  16  0:43  Refinery  
  16  0:50  SCV  
  17  1:02  SCV  
  18  1:14  SCV  
  19  1:26  Marine  
  19  1:27  Orbital Command  
  20  1:44  Reaper  
  21  1:48  Command Center  
  21  1:52  SCV  
  22  1:55  Supply Depot  
  22  2:04  SCV  
  22  2:07  Factory  
  23  2:12  Refinery  
  23  2:16  SCV, Marine  
  25  2:22  Bunker  
  25  2:28  SCV  
  26  2:36  Barracks Reactor  
  26  2:40  SCV  
  27  2:52  Cyclone  
  27  2:53  SCV  
  30  3:02  Orbital Command, Starport  
  30  3:05  SCV  
  30  3:13  Marine  
  30  3:14  Marine  
  30  3:17  SCV  
  32  3:25  Widow Mine  
  34  3:27  SCV  
  34  3:29  SCV  
  34  3:31  Marine x2  
  38  3:39  SCV  
  40  3:41  SCV  
  40  3:45  Medivac  
  44  3:50  Supply Depot  
  44  3:51  SCV  
  44  3:53  Factory Tech Lab, SCV  
  45  4:00  Supply Depot  
  44  4:03  SCV  
  44  4:05  SCV, Barracks  
  46  4:12  Siege Tank  
  46  4:13  Barracks  
  46  4:15  SCV  
  46  4:16  Engineering Bay  
  50  4:21  Starport Tech Lab  
  50  4:22  Marine x2  
  50  4:23  SCV  
  53  4:27  SCV  
  53  4:29  Supply Depot  
  54  4:34  Refinery  
  54  4:35  SCV  
  54  4:37  Bunker  
  55  4:40  Supply Depot  
  55  4:42  Raven  
  55  4:45  SCV  
  58  4:49  Siege Tank  
  58  4:50  SCV  
  62  4:53  Barracks Tech Lab  
  62  4:57  SCV, Supply Depot  
  62  4:58  Marine  
  64  5:00  Marine  
  64  5:03  Barracks Tech Lab  
  64  5:05  SCV  
  66  5:08  Refinery  
  66  5:11  SCV  
  66  5:12  Marine  
  68  5:16  Stimpack  
  68  5:17  SCV, Marine  
  68  5:18  Marine  
  69  5:23  SCV, Siege Tank  
  69  5:24  Marine  
  67  5:33  SCV, Marauder  
  67  5:34  Marine  
  63  5:36  Marine  
  63  5:37  SCV  
  63  5:42  Marine  
  60  5:45  SCV  
  60  5:49  SCV  
  57  5:52  Marine  
  57  5:53  Marine  
  57  5:55  Siege Tank  
  51  5:58  Marine  
  51  6:00  SCV  
  45  6:08  Marauder  
  47  6:13  Marauder  
  47  6:17  SCV  
  50  6:20  Marine  
  50  6:24  Marine  
  49  6:37  Siege Tank  
  49  6:39  SCV  
  52  6:41  SCV  
  52  6:45  Starport Reactor  
  51  6:48  Marine  
  54  6:56  Marine  
  54  6:58  Marine x2  
  54  7:01  SCV  
  54  7:03  SCV  
Show
View Real Time Build Order
Export as new Build Order

MaxPax Protoss - Winner!

Build Orders: 1 Gate Expand, Blink Stalkers 

Get SALT Encoding   

  12  0:00  Probe  
  13  0:12  Probe  
  14  0:17  Pylon  
  14  0:24  Probe (Chrono Boost)  
  15  0:35  Gateway  
  16  0:36  Probe (Chrono Boost)  
  16  0:43  Probe (Chrono Boost)  
  16  0:45  Assimilator  
  17  0:51  Probe  
  18  1:03  Probe  
  19  1:15  Probe  
  20  1:22  Cybernetics Core  
  20  1:31  Nexus  
  20  1:34  Probe  
  21  1:40  Pylon  
  21  1:46  Probe  
  22  1:50  Assimilator  
  21  1:56  Adept (Chrono Boost)  
  21  1:58  Probe  
  21  2:01  Warp Gate  
  24  2:10  Probe  
  25  2:16  Adept (Chrono Boost)  
  25  2:22  Probe  
  28  2:26  Twilight Council  
  28  2:34  Probe  
  29  2:42  Stalker  
  29  2:43  Probe  
  32  2:46  Probe  
  33  2:55  Probe  
  33  2:57  Gateway  
  33  2:58  Probe, Blink (Chrono Boost)  
  35  3:07  Probe  
  35  3:11  Probe  
  38  3:20  Probe  
  38  3:24  Probe  
  38  3:26  Robotics Facility  
  39  3:32  Probe, Gateway  
  38  3:36  Probe  
  39  3:42  Gateway  
  39  3:44  Probe  
  39  3:45  Pylon  
  38  3:50  Probe  
  38  3:52  Stalker  
  38  3:55  Stalker  
  43  3:56  Probe  
  44  4:03  Probe, Pylon  
  44  4:08  Assimilator  
  45  4:11  Probe  
  45  4:12  Warp Prism (Chrono Boost)  
  45  4:16  Probe  
  49  4:25  Stalker x2  
  49  4:29  Probe  
  54  4:34  Stalker  
  54  4:35  Pylon  
  54  4:38  Stalker  
  58  4:41  Observer  
  58  4:45  Pylon  
  59  5:04  Stalker x4  
  63  5:35  Stalker x3  
  69  5:47  Nexus  
  69  5:50  Probe x2  
  69  5:58  Stalker x3  
  69  6:00  Stalker  
  69  6:02  Probe  
  70  6:06  Probe  
  72  6:20  Probe  
  72  6:22  Pylon  
  72  6:28  Stalker  
  72  6:29  Stalker x2  
  72  6:32  Probe (Chrono Boost)  
  78  6:35  Pylon  
  78  6:40  Probe (Chrono Boost)  
  78  6:44  Probe (Chrono Boost)  
  80  6:49  Probe (Chrono Boost)  
  80  6:51  Probe (Chrono Boost)  
  82  6:54  Probe (Chrono Boost)  
  82  6:58  Probe  
  84  7:03  Forge  
Tags
 
Add a new tag
Caveats
  • Supply blocks, unpowered buildings, or Contaminate may cause inaccurate times.
  • Supply counts are checked every 10 seconds.